 Seeded DCSS version 0.30-a0-1035-g38d5fb2972 (webtiles) character file.

Game seed: 12174115960195584590 (custom seed)

11 Nonny the Sneak (level 2, -1/16 HPs)
             Began as a Vine Stalker Delver on Apr 8, 2023.
             Was an Initiate of Dithmenos.
             Slain by a river rat (2 damage)
             ... in a sewer.
             The game lasted 00:02:29 (369 turns).

Nonny the Sneak (Vine Stalker Delver)                Turns: 369, Time: 00:02:29

Health: -1/16      AC:  3    Str: 14    XL:     2   Next: 29%
Magic:  0/3        EV: 11    Int: 10    God:    Dithmenos [......]
Gold:   33         SH:  0    Dex: 15    Spells: 1/1 levels left

rFire   . . .      SeeInvis .      - Unarmed
rCold   . . .      Faith    .    (no shield)
rNeg    . . .      Spirit   +    a - +0 leather armour
rPois   .          Reflect  .    (no helmet)
rElec   .          Rampage  .    (no cloak)
rCorr   .                        (no gloves)
Will    .....                    (no boots)
Stlth   +++                      (no amulet)
HPRegen 0.22/turn                (no ring)
MPRegen 0.08/turn                (no ring)

@: no status effects
A: fangs 2, magic shield, antimagic bite, no potion heal 2
a: Renounce Religion


You were in a sewer.
You worshipped Dithmenos.
Dithmenos was noncommittal.
You visited 2 branches of the dungeon, and saw 2 of its levels.
You also visited: Sewer.

You collected 33 gold pieces.

Inventory:

Armour
 a - a +0 leather armour (worn)
Wands
 f - a wand of digging (3)
Scrolls
 b - a scroll of fog
 c - a scroll of magic mapping
 d - 2 scrolls of fear
 g - a scroll of teleportation {unknown}
Potions
 e - a potion of haste


   Skills:
 + Level 2.7 Fighting
 + Level 1.6 Dodging
 + Level 6.5 Stealth
 + Level 2.1 Unarmed Combat


You had one spell level left.
You didn't know any spells.
Your spell library was empty.

Dungeon Overview and Level Annotations

Branches:
Dungeon (5/15)             Temple (1/1) D:5           Sewer (1/1)

Altars:
Ashenzari
Cheibriados
Dithmenos
Elyvilon
Fedhas
Gozag
Makhleb
Okawaru
Qazlal
Ru
Sif Muna
Trog
Uskayaw
Vehumet
Wu Jian
Yredelemnul
Zin
The Shining One


Innate Abilities, Weirdness & Mutations

You have extremely sharp teeth.
When hurt, damage is shared between your health and your magic reserves.
Your bite disrupts and absorbs the magic of your enemies.
Potions cannot restore your health.


Message History

Found a gate leading back out of this place.
You enter the shallow water.
Moving in this stuff is going to be slow.
A jackal comes into view.
What are your orders? t - Shout!
Orders for allies: a - Attack new target. r - Retreat! s - Stop attacking. g - Guard the area. f - Follow me.
Anything else - Cancel.
You shout for attention!
The jackal barks!
You hear a shout! x4
A kobold comes into view. It is wielding a +0 dagger.
What are your orders? t - Shout!
Orders for allies: a - Attack new target. r - Retreat! s - Stop attacking. g - Guard the area. f - Follow me.
Anything else - Cancel.
Okay, then.
The river rat bites you!
Unknown command.
You enter the shallow water.
Moving in this stuff is going to be slow.
The river rat bites you.
You closely miss the river rat. The river rat closely misses you.
A kobold comes into view. It is wielding a +0 whip.
You barely miss the river rat.
The kobold shouts!
Your bite misses the river rat. The river rat bites you!
* * * LOW HITPOINT WARNING * * *
You hit the river rat. You bite the river rat. You drain its power.
You feel invigorated.
The river rat is moderately wounded.
The river rat barely misses you.
The jackal splashes around in the water.
You barely miss the river rat.
You bite the river rat, but do no damage.
The river rat is moderately wounded.
The river rat bites you.
You die...

##~≈~## #.~≈~.#
#.~≈~.### #.~≈~..∩
#~≈≈~.# #.~≈~.#
##~~≈~~##
###############~@~≈h~.#
~~~~~~~~~~~~~~~~rh≈~..#
###############..~≈~~.#
#..~≈~..# #~~~≈~~.#
#~K≈≈≈~.# #~K≈≈≈~.#
#~~≈≈≈~.# #..~~~~.#


You could see a river rat, 2 jackals and 2 kobolds.

Vanquished Creatures
  An orc (D:5)
  A giant cockroach (D:5)
  5 quokkas (D:5)
  2 rats (Sewer)
9 creatures vanquished.

Vanquished Creatures (others)
  A plant (D:5)
1 creature vanquished.

Grand Total: 10 creatures vanquished

Notes
Turn   | Place    | Note
-------+----------+-------------------------------------------
     0 | D:5      | Nonny the Vine Stalker Delver began the quest for the Orb.
     0 | D:5      | Reached XP level 1. HP: 11/11 MP: 2/2
     2 | D:5      | Found a staircase to the Ecumenical Temple.
     8 | Temple   | Entered the Ecumenical Temple
   124 | Temple   | Became a worshipper of Dithmenos the Shadowed
   145 | D:5      | Noticed an orc priest
   145 | D:5      | Noticed an orc wizard
   292 | D:5      | Found a glowing drain.
   303 | D:5      | Reached XP level 2. HP: 13/16 MP: 3/3
   324 | Sewer    | Entered a sewer
   369 | Sewer    | Slain by a river rat

Illustrated notes

Levels and vault maps discovered:
D:5:      layout_basic, minmay_temple_entry_gardened_gates, gup_sewer_entry_pipe
Temple:   regret_index_temple_mists
Sewer:    sewer_kobolds

Action                     || total
---------------------------++-------
  Melee: Unarmed           ||    48
         Bite              ||    10
   Stab: Sleeping          ||     1
 Armour: Leather armour    ||     7
  Dodge: Dodged            ||    30

Table legend: (Time is in decaauts)
 A = Elapsed time spent in this place.
 B = Non-inter-level travel time spent in this place.
 C = Inter-level travel time spent in this place.
 D = Time resting spent in this place.
 E = Time spent auto-exploring this place.
 F = Levels seen in this place.
 G = Mean time per level.
                   A        B        C        D        E       F      G
               +--------+--------+--------+--------+--------+-----+--------+
         Total |    439 |    439 |      0 |      0 |      0 |   3 |  146.3 |
       Dungeon |    201 |    201 |      0 |      0 |      0 |   1 |  201.0 |
        Temple |    180 |    180 |      0 |      0 |      0 |   1 |  180.0 |
         Sewer |     57 |     57 |      0 |      0 |      0 |   1 |   57.0 |
               +--------+--------+--------+--------+--------+-----+--------+

Top non-repeatable levels by time:
     D:5: 201 daAuts
  Temple: 180 daAuts
   Sewer: 57 daAuts
